 Dungeon Crawl Stone Soup version 0.29-a0-1052-g6990b1bffc (webtiles) character file.

Game seed: 7324651111625522561

155 SensoryNuts the Poker (level 5, 0/46 HPs)
             Began as a Draconian Berserker on Aug 17, 2022.
             Was a Follower of Trog.
             Slain by a river rat (6 damage)
             ... in a sewer.
             The game lasted 00:06:42 (4401 turns).

SensoryNuts the Poker (Draconian Berserker)         Turns: 4401, Time: 00:06:42

Health: 0/46       AC:  6    Str: 21    XL:     5   Next: 14%
Magic:  5/5        EV: 12    Int:  7    God:    Trog [*.....]
Gold:   108        SH:  0    Dex: 11    Spells: 4/4 levels left

rFire   . . .      SeeInvis .   a - +1 spear
rCold   . . .      Faith    .   (no shield)
rNeg    . . .      Spirit   .   (body armour unavailable)
rPois   .          Reflect  .   (helmet restricted)
rElec   .          Harm     .   (no cloak)
rCorr   .          Rampage  .   (no gloves)
Will    +....                   (no boots)
Stlth   +.........              (no amulet)
HPRegen 1.15/turn               (no ring)
MPRegen 0.09/turn               (no ring)

@: weak-willed, strong-willed (expiring), on berserk cooldown, regenerating
(expiring), slowed, very slow
A: AC +5, unfitting armour, cold-blooded, shaggy fur 1, evolution 1, MP-powered
wands
a: Renounce Religion, Berserk


You were in a sewer.
You worshipped Trog.
Trog was aware of your devotion.
You visited 1 branch of the dungeon, and saw 3 of its levels.
You also visited: Sewer.

You collected 108 gold pieces.

Inventory:

Hand Weapons
 a - a +1 spear (weapon)
Armour
 c - a +0 chain mail
Scrolls
 e - 2 scrolls of noise


   Skills:
 + Level 4.1 Fighting
 + Level 4.6 Polearms
 + Level 3.5 Dodging
 + Level 0.8 Stealth


You had 4 spell levels left.
You didn't know any spells.
Your spell library was empty.

Dungeon Overview and Level Annotations

Branches:
Dungeon (3/15)              Sewer (1/1)

Altars:
Ashenzari


Innate Abilities, Weirdness & Mutations

Your plain brown scales are hard. (AC +5)
You cannot fit into any form of body armour.
You are cold-blooded and may be slowed by cold attacks.
You are covered in fur. (AC +1)
You have hidden genetic potential.
You expend magic power (3 MP) to strengthen your wands.


Message History

You feel strong-willed.
You can no longer call upon Trog for regeneration and willpower.
The giant cockroach barely misses you. The rat misses you.
The river rat barely misses you.
A red film seems to cover your vision as you go berserk!
You feel yourself moving faster!
You feel mighty!
The giant cockroach splashes around in the water.
The rat misses you. The river rat bites you!
* * * LOW HITPOINT WARNING * * *
Your unstable footing causes you to fumble your attack.
The giant cockroach splashes around in the water.
The rat bites you but does no damage. The river rat bites you.
* * * LOW HITPOINT WARNING * * *
Your unstable footing causes you to fumble your attack.
The giant cockroach barely misses you.
Unknown command.
Your unstable footing causes you to fumble your attack.
The rat bites you but does no damage. The river rat bites you.
* * * LOW HITPOINT WARNING * * *
The giant cockroach closely misses you.
Unknown command.
Your unstable footing causes you to fumble your attack.
The rat bites you but does no damage.
The giant cockroach splashes around in the water.
The river rat bites you but does no damage.
Unknown command.
The rat attacks as you move away! The rat bites you but does no damage.
The giant cockroach bites you but does no damage.
The river rat closely misses you.
Unknown command.
You feel a strong urge to attack something.
You are no longer berserk.
You are exhausted.
You feel yourself slow down.
Unknown command.
The giant cockroach attacks as you move away!
The giant cockroach bites you but does no damage.
You feel the effects of Trog's Hand fading.
The river rat attacks as you move away! The river rat bites you.
You die...

##########
#~~.~.r..#
#...†~.~.#
#~.####Br#
#..# #.@#
#r.# #~.#
#~.# #..#
#~r# #..#
#~~# #~.#
#~.# #..#
#~.# #~.#
...####.~###
#≈≈..≈≈#


You could see a river rat, a giant cockroach and a rat.

Vanquished Creatures
  Terence (D:2)
  2 orc wizards
  2 adders (D:2)
  A river rat (Sewer)
  2 dart slugs
  3 orcs
  4 ball pythons
  5 endoplasms
  2 giant cockroaches
  5 hobgoblins (D:1)
  2 kobolds
  4 quokkas
  6 bats
  2 frilled lizards
  2 goblins
  5 rats
48 creatures vanquished.

Notes
Turn   | Place    | Note
-------+----------+-------------------------------------------
     0 | D:1      | SensoryNuts the Draconian Berserker began the quest for the
                  | Orb.
     0 | D:1      | Reached XP level 1. HP: 19/19 MP: 1/1
   165 | D:1      | Reached XP level 2. HP: 25/26 MP: 2/2
   251 | D:1      | Found a faded altar of an unknown god.
   727 | D:1      | Reached ** piety under Trog
  1036 | D:2      | Reached XP level 3. HP: 33/33 MP: 3/3
  1304 | D:2      | Noticed Terence
  1324 | D:2      | Killed Terence
  1325 | D:2      | Reached XP level 4. HP: 22/40 MP: 4/4
  1646 | D:2      | Identified the +2 leather armour "Qatapnun" {rPois}
  1874 | D:2      | Gained mutation: You are covered in fur. (AC +1) [potion of
                  | mutation]
  1874 | D:2      | Gained mutation: You have hidden genetic potential. [potion
                  | of mutation]
  3942 | D:3      | Reached XP level 5. HP: 13/46 MP: 5/5
  4168 | D:3      | Found a broken altar of Ashenzari.
  4279 | D:3      | Gained mutation: You expend magic power (3 MP) to
                  | strengthen your wands. [hidden potential]
  4305 | D:3      | Found a glowing drain.
  4318 | Sewer    | Entered a sewer
  4395 | Sewer    | HP: 2/69 [river rat (5)]
  4401 | Sewer    | Slain by a river rat

Illustrated notes

Levels and vault maps discovered:
D:1:      minmay_arrival_split_and_join, layout_basic, basic_ecumenical_altar
D:2:      layout_loops_cross, uniq_terence
D:3:      layout_rooms, lemuel_doored_altar, portal_sewer_entry_f,
          ebering_ghost_gozag
Sewer:    sewer_hellmonk_slimy_pipes

Skill      XL: |  1  2  3  4 |
---------------+-------------+-----
Dodging        | 3 |  3.5
Polearms       | 4 |  4.6
Fighting       | 4 |  4.1
Stealth        | |  0.8

Action                   |  1- 3 |  4- 6 || total
-------------------------+-------+-------++-------
Melee: Spear             |   105 |    81 ||   186
       Tailslap          |     8 |    11 ||    19
       Punch             |     1 |     1 ||     2
Invok: Berserk           |     1 |     2 ||     3
       Trog's Hand       |       |     1 ||     1
  Use: Scroll            |       |     8 ||     8
       Potion            |       |     3 ||     3
Armor: Skin              |    18 |    41 ||    59
Dodge: Dodged            |    49 |    86 ||   135

Table legend: (Time is in decaauts)
 A = Elapsed time spent in this place.
 B = Non-inter-level travel time spent in this place.
 C = Inter-level travel time spent in this place.
 D = Time resting spent in this place.
 E = Time spent auto-exploring this place.
 F = Levels seen in this place.
 G = Mean time per level.
                   A        B        C        D        E       F      G
               +--------+--------+--------+--------+--------+-----+--------+
         Total |   4419 |   4131 |    288 |   1906 |   1646 |   4 | 1104.8 |
       Dungeon |   4333 |   4045 |    288 |   1906 |   1620 |   3 | 1444.3 |
         Sewer |     86 |     86 |      0 |      0 |     26 |   1 |   86.0 |
               +--------+--------+--------+--------+--------+-----+--------+

Top non-repeatable levels by time:
     D:2: 2953 daAuts
     D:1: 966 daAuts
     D:3: 414 daAuts
   Sewer: 86 daAuts
